 Dungeon Crawl Stone Soup version 0.29-a0-284-gf9362112df (webtiles) character file.

Game seed: 8790402120750981879

17 jmlagarto the Vexing (level 2, 0/11 HPs)
             Began as a Felid Enchanter on Mar 14, 2022.
             Slain by a hobgoblin (5 damage)
             ... on level 1 of the Dungeon.
             The game lasted 00:01:37 (1476 turns).

jmlagarto the Vexing (Felid Enchanter)              Turns: 1476, Time: 00:01:37

Health: 0/11       AC:  1    Str:  4    XL:     2   Next: 44%
Magic:  6/6        EV: 17    Int: 16    God:
Gold:   32         SH:  0    Dex: 16    Spells: 5/5 levels left
                                        Lives:  0   Deaths: 0

rFire   . . .      SeeInvis +     - Unarmed
rCold   . . .      Faith    .   (shield unavailable)
rNeg    . . .      Spirit   .   (body armour unavailable)
rPois   .          Reflect  .   (helmet unavailable)
rElec   .          Harm     .   (cloak unavailable)
rCorr   .          Rampage  .   (gloves unavailable)
Will    .....                   (boots unavailable)
Stlth   +++.......              (no amulet)
HPRegen 0.03/turn               (no ring)
MPRegen 0.10/turn               (no ring)

@: quick
A: very small, claws 1, fangs 3, see invisible, speed 1, shaggy fur 1, stealthy
paws, no weapons or thrown items, no armour, multi-lived
a: no special abilities


You were on level 1 of the Dungeon.
You visited 1 branch of the dungeon, and saw 1 of its levels.

You collected 32 gold pieces.

Inventory:

Scrolls
 c - a scroll of fog {unknown}
 d - a scroll of immolation {unknown}
 e - a scroll of noise {unknown}
 g - a scroll of brand weapon {unknown}
Potions
 a - 2 potions of invisibility
 b - a potion of lignification {unknown}
 f - a potion of attraction {unknown}


   Skills:
 + Level 3.0 Dodging
 + Level 4.0 Stealth
 + Level 1.3 Unarmed Combat
 + Level 2.1 Spellcasting
 + Level 5.1 Hexes


You had 5 spell levels left.
You didn't know any spells.
Your spell library contained the following spells:

 Spells                   Type           Power      Damage    Failure   Level
 Confusing Touch          Hex            18%        N/A       8%          3
 Tukima's Dance           Hex            18%        N/A       8%          3
 Ensorcelled Hibernation  Hex/Ice        18%        N/A       11%         2
 Dazzling Flash           Conj/Hex       18%        N/A       22%         3


Dungeon Overview and Level Annotations

Branches:
Dungeon (1/15)

Altars:


Innate Abilities, Weirdness & Mutations

You have sharp claws.
You have razor-sharp teeth.
You have supernaturally acute eyesight. (SInv)
You cover ground quickly. (Speed+)
You are covered in fur. (AC +1)
Your paws help you pounce on unaware monsters.
You are incapable of wielding weapons or throwing items.
You cannot wear armour.
You gain extra lives every three experience levels.


Message History

There is an open door here.
You open the door.
Found a hand axe.
There is an open door here.
You open the door.
There is an open door here.
There is a staircase leading out of the dungeon here.
There is an escape hatch in the floor here.
There is an open door here.
There is an open door here.
There is an open gate here.
You see here a +0 pair of gloves.
A hobgoblin comes into view.
The hobgoblin shouts!
You hear a shout!
You hear an angry hiss.
A hobgoblin and a frilled lizard come into view.
The hobgoblin shouts!
The frilled lizard moves out of view.
You scratch the hobgoblin.
The hobgoblin is heavily wounded.
The hobgoblin hits you. The hobgoblin completely misses you.
You barely miss the hobgoblin.
The hobgoblin is heavily wounded.
The hobgoblin barely misses you.
You scratch the hobgoblin.
The hobgoblin is severely wounded.
The hobgoblin hits you.
You scratch the hobgoblin but do no damage.
Your bite misses the hobgoblin.
The hobgoblin is severely wounded.
The hobgoblin closely misses you.
You scratch the hobgoblin but do no damage.
The hobgoblin is severely wounded.
The hobgoblin hits you.
You scratch the hobgoblin.
You kill the hobgoblin!
You barely miss the hobgoblin. The hobgoblin hits you.
You scratch the hobgoblin but do no damage.
The hobgoblin hits you.
You die...

#.....###### #.# #.#
#####.##...#########.#
###
#.##.............###..
#.##...############...
#.###.## #... #.# #.#
##.. #.# #.# #... .#
#.# ##.. #@# #... #g#
#... #....l...# ##..
#####.##.# ### #.. .l
### ... ##


You could see a hobgoblin and a frilled lizard.

Vanquished Creatures
  A dart slug (D:1)
  3 goblins (D:1)
  2 hobgoblins (D:1)
  2 jackals (D:1)
  A kobold (D:1)
  A quokka (D:1)
  A bat (D:1)
  2 frilled lizards (D:1)
13 creatures vanquished.

Notes
Turn   | Place    | Note
-------+----------+-------------------------------------------
     0 | D:1      | jmlagarto the Felid Enchanter began the quest for the Orb.
     0 | D:1      | Reached XP level 1. HP: 7/7 MP: 4/4
   469 | D:1      | Reached XP level 2. HP: 5/11 MP: 6/6
   720 | D:1      | Reached skill level 5 in Hexes
  1476 | D:1      | Slain by a hobgoblin

Illustrated notes

Levels and vault maps discovered:
D:1:      shiori_arrival_elements, layout_loops_ring, amethyst_killhole,
          grunt_decor_mini_mirrors

Skill      XL: |  1  2 |
---------------+-------+-----
Hexes          | 5 |  5.1
Dodging        | 3 |  3.0
Stealth        | |  4.0
Unarmed Combat | |  1.3
Spellcasting   | |  2.1

Action                   || total
-------------------------++-------
Melee: Unarmed           ||    46
       Bite              ||     5
       Punch             ||     1
 Stab: Sleeping          ||     3
Dodge: Dodged            ||    27

Table legend: (Time is in decaauts)
 A = Elapsed time spent in this place.
 B = Non-inter-level travel time spent in this place.
 C = Inter-level travel time spent in this place.
 D = Time resting spent in this place.
 E = Time spent auto-exploring this place.
 F = Levels seen in this place.
 G = Mean time per level.
                   A        B        C        D        E       F      G
               +--------+--------+--------+--------+--------+-----+--------+
         Total |   1346 |   1346 |      0 |      0 |   1233 |   1 | 1346.0 |
       Dungeon |   1346 |   1346 |      0 |      0 |   1233 |   1 | 1346.0 |
               +--------+--------+--------+--------+--------+-----+--------+

Top non-repeatable levels by time:
     D:1: 1346 daAuts
